 Dungeon Crawl Stone Soup version 0.27-a0-1438-g9b7c6745da (webtiles) character file.

Game seed: 9739940676489444126

695 AarnesTheHuman the Shield-Bearer (level 7, -1/58 HPs)
             Began as a Barachi Fighter on July 4, 2021.
             Slain by a phantom (4 damage)
             ... on level 5 of the Dungeon.
             The game lasted 00:17:37 (7313 turns).

AarnesTheHuman the Shield-Bearer (Barachi Fighter)  Turns: 7313, Time: 00:17:38

Health: -1/58      AC: 10    Str: 19    XL:     7   Next: 64%
Magic:  7/7        EV:  4    Int:  9    God:
Gold:   184        SH: 15    Dex: 11    Spells: 6/6 levels left

rFire    . . .     SeeInvis +   e - +0 dagger
rCold    . . .     Faith    .   c - +1 kite shield
rNeg     . . .     Spirit   .   n - +0 plate armour
rPois    .         Reflect  .   q - +0 helmet
rElec    .         Harm     .   (no cloak)
rCorr    .         Rampage  .   (no gloves)
Will     .....                  p - +0 pair of boots
Stlth    ..........             (no amulet)
HPRegen  0.19/turn              g - ring of see invisible
MPRegen  0.10/turn              (no ring)

@: slow
A: amphibious, slowness 1, strong legs 1, +LOS, large bone plates 1, deformed
body, deterioration 1, subdued magic 1
a: Hop


You were on level 5 of the Dungeon.
You visited 1 branch of the dungeon, and saw 5 of its levels.

You collected 184 gold pieces.

Inventory:

Hand Weapons
 a - a +0 rapier
 e - a +0 dagger (weapon)
Missiles
 j - 13 poisoned darts (quivered)
Armour
 b - a +0 scale mail
 c - a +1 kite shield (worn)
 n - a +0 plate armour (worn)
 p - a +0 pair of boots (worn)
 q - a +0 helmet (worn)
Jewellery
 g - a ring of see invisible (left hand)
 l - an amulet of faith
Wands
 m - a wand of iceblast (5)
Scrolls
 f - 6 scrolls of fog
 h - a scroll of teleportation
 k - 3 scrolls of identify
 s - a scroll of noise {unknown}
Potions
 d - 2 potions of might
 o - a potion of attraction
 r - 2 potions of heal wounds
 t - a potion of lignification {unknown}


   Skills:
 + Level 6.0 Fighting
 - Level 2.1 Short Blades
 + Level 6.0 Armour
 * Level 7.1 Shields


You had 6 spell levels left.
You didn't know any spells.
Your spell library contained the following spells:

 Spells                   Type           Power      Damage    Failure   Level
 Magic Dart               Conj           0%         1d3       100%        1
 Call Imp                 Summ           0%         N/A       100%        2
 Frozen Ramparts          Ice            0%         1d2       100%        3
 Mephitic Cloud           Conj/Pois/Air  0%         N/A       100%        3
 Ice Form                 Ice/Tmut       0%         N/A       100%        4
 Summon Ice Beast         Ice/Summ       0%         N/A       100%        4


Dungeon Overview and Level Annotations

Branches:
Dungeon (5/15)
 Temple: D:4-7

Altars:
Elyvilon
Qazlal

Annotations:
D:3 exclusion: downstairs


Innate Abilities, Weirdness & Mutations

You are amphibious.
You cover ground slowly.
You can hop short distances.
You have an extended range of vision and can be seen from far away.
You are partially covered in large bone plates. (SH +4)
Armour fits poorly on your strangely shaped body.
Your body sometimes deteriorates upon taking damage.
Your spells are a little easier to cast, but a little less powerful.


Message History

You miss the phantom.
The phantom is moderately damaged.
The phantom closely misses you.
You hit the phantom but do no damage.
The phantom is moderately damaged.
The phantom hits you.
* * * LOW HITPOINT WARNING * * *
The phantom blinks!
You blink.
You block the phantom's attack.
You closely miss the phantom.
The phantom is lightly damaged.
The phantom barely misses you.
You closely miss the phantom.
The phantom is lightly damaged.
You block the phantom's attack.
You closely miss the phantom.
The phantom is lightly damaged.
The phantom hits you but does no damage.
You closely miss the phantom.
The phantom is lightly damaged.
You block the phantom's attack.
Your shield and plate armour prevent you from hitting the phantom.
The phantom is lightly damaged.
The phantom barely misses you.
You hit the phantom.
The phantom is lightly damaged.
You block the phantom's attack.
You hit the phantom.
The phantom is moderately damaged.
The phantom hits you but does no damage.
You hit the phantom but do no damage.
The phantom is moderately damaged.
The phantom hits you.
* * * LOW HITPOINT WARNING * * *
You hit the phantom but do no damage.
The phantom is lightly damaged.
You block the phantom's attack.
You miss the phantom.
The phantom is lightly damaged.
The phantom hits you.
You die...

#.#.# #.#.# #)#.#
#.#.### #.....# #.###.#
#.# #.#
###########.###.#
########...@W).........#
..........(#############
.##.####...#.# #.#.8.#
#.#.......o.
#.#.........
#.##8?#.#.#. ... #_#_# #
... ## #


You could see a phantom.

Vanquished Creatures
  Sigmund (D:5)
  An ogre (D:5)
  A bullfrog zombie (D:5)
  A hound (D:4)
  An orc priest (D:4)
  A gnoll shaman (D:5)
  A bullfrog skeleton (D:5)
  A centaur skeleton (D:4)
  2 orc wizards (D:5)
  4 gnolls (D:5)
  8 adders
  A howler monkey skeleton (D:4)
  An ufetubus (D:4)
  3 worms
  4 dart slugs (D:2)
  4 orcs
  5 endoplasms
  8 giant cockroaches
  5 goblins
  3 hobgoblins
  14 jackals
  4 kobolds
  3 quokkas
  7 ball pythons
  6 bats
  A frilled lizard (D:1)
  A rat (D:2)
92 creatures vanquished.

Vanquished Creatures (others)
  7 plants (D:4)
7 creatures vanquished.

Grand Total: 99 creatures vanquished

Notes
Turn   | Place    | Note
-------+----------+-------------------------------------------
     0 | D:1      | AarnesTheHuman the Barachi Fighter began the quest for the
                  | Orb.
     0 | D:1      | Reached XP level 1. HP: 18/18 MP: 1/1
   153 | D:1      | Reached XP level 2. HP: 20/25 MP: 2/2
   887 | D:1      | Found a faded altar of an unknown god.
  1534 | D:1      | Reached skill level 4 in Shields
  1534 | D:1      | Reached XP level 3. HP: 13/30 MP: 3/3
  2647 | D:2      | Reached XP level 4. HP: 31/37 MP: 4/4
  4872 | D:4      | Reached XP level 5. HP: 35/43 MP: 5/5
  5038 | D:4      | Reached skill level 5 in Shields
  5584 | D:4      | Noticed a necrophage
  5761 | D:4      | Reached skill level 5 in Fighting
  5761 | D:4      | Reached skill level 5 in Armour
  5761 | D:4      | Reached XP level 6. HP: 33/51 MP: 6/6
  6497 | D:5      | Entered Level 5 of the Dungeon
  6529 | D:5      | Reached skill level 6 in Shields
  6763 | D:5      | Noticed Sigmund
  6781 | D:5      | Killed Sigmund
  6782 | D:5      | Reached XP level 7. HP: 36/57 MP: 7/7
  7078 | D:5      | Found a white marble altar of Elyvilon.
  7079 | D:5      | Found a stormy altar of Qazlal.
  7150 | D:5      | Reached skill level 7 in Shields
  7292 | D:5      | Gained mutation: Your body sometimes deteriorates upon
                  | taking damage. [potion of mutation]
  7292 | D:5      | Gained mutation: Armour fits poorly on your strangely
                  | shaped body. [potion of mutation]
  7292 | D:5      | Gained mutation: Your spells are a little easier to cast,
                  | but a little less powerful. [potion of mutation]
  7292 | D:5      | Gained mutation: You are partially covered in large bone
                  | plates. (SH +4) [potion of mutation]
  7313 | D:5      | Slain by a phantom

Illustrated notes

Levels and vault maps discovered:
D:1:      dpeg_arrival_rooms_with_view, layout_loops_ring,
          shapermc_ecumenical_altar_mp_urbaneastern,
          chequers_serial_rivers_large_b, minmay_misc_feat_alley,
          minmay_worlds_worst_comb
D:2:      layout_basic
D:3:      layout_basic, kennysheep_generic_room_3
D:4:      layout_loops_corners, guppyfry_early_lair_pool
D:5:      minmay_opposing_rooms, layout_loops_ring, minitemple, uniq_pikel,
          uniq_sigmund, uniq_menkaure

Skill      XL: |  1  2  3  4  5  6  7 |
---------------+----------------------+-----
Fighting       | 4 5 6 |  6.0
Armour         | 4 5 6 |  6.0
Shields        | 4 5 6 7 |  7.1
Short Blades   | |  2.1

Action                   |  1- 3 |  4- 6 |  7- 9 || total
-------------------------+-------+-------+-------++-------
Melee: Rapier            |    28 |       |       ||    28
       Dagger            |   242 |   628 |   185 ||  1055
Throw: Dart              |     5 |    33 |     9 ||    47
 Abil: Hop               |     2 |     3 |     1 ||     6
  Use: Scroll            |       |     9 |       ||     9
       Potion            |       |     1 |     2 ||     3
 Stab: Confused          |       |       |     1 ||     1
Armor: Scale mail        |    98 |    11 |       ||   109
       Plate armour      |       |   325 |    70 ||   395
Dodge: Dodged            |    63 |    81 |    22 ||   166
Block: Kite shield       |   121 |   327 |    85 ||   533

Table legend: (Time is in decaauts)
 A = Elapsed time spent in this place.
 B = Non-inter-level travel time spent in this place.
 C = Inter-level travel time spent in this place.
 D = Time resting spent in this place.
 E = Time spent auto-exploring this place.
 F = Levels seen in this place.
 G = Mean time per level.
                   A        B        C        D        E       F      G
               +--------+--------+--------+--------+--------+-----+--------+
         Total |   8003 |   7785 |    218 |   2622 |   2826 |   5 | 1600.6 |
       Dungeon |   8003 |   7785 |    218 |   2622 |   2826 |   5 | 1600.6 |
               +--------+--------+--------+--------+--------+-----+--------+

Top non-repeatable levels by time:
     D:1: 2332 daAuts
     D:4: 1846 daAuts
     D:3: 1634 daAuts
     D:2: 1334 daAuts
     D:5: 855 daAuts
